 Dungeon Crawl Stone Soup version 0.27-a0-562-g0d39f094a4 (webtiles) character file.

Game seed: 15979727931592725168

163 tsouns the Charlatan (level 5, -2/26 HPs)
             Began as a Spriggan Artificer on Mar 8, 2021.
             Killed from afar by Natasha (7 damage)
             ... with a magic dart
             ... on level 3 of the Dungeon.
             The game lasted 00:06:07 (3704 turns).

tsouns the Charlatan (Spriggan Artificer)           Turns: 3704, Time: 00:06:07

Health: -2/26      AC:  2    Str:  8    XL:     5   Next: 20%
Magic:  6/6        EV: 20    Int: 13    God:
Gold:   135        SH:  0    Dex: 22    Spells: 4/4 levels left

rFire    . . .     SeeInvis +   h - +0 dagger
rCold    . . .     Faith    .   (shield restricted)
rNeg     . . .     Spirit   .   b - +0 robe
rPois    .         Reflect  .   (helmet restricted)
rElec    .         Harm     .   (no cloak)
rCorr    .         Rampage  .   (gloves unavailable)
Will     .....                  (boots unavailable)
Stlth    +++.......             (no amulet)
HPRegen  0.08/turn              n - +6 ring of dexterity
MPRegen  0.10/turn              (no ring)

@: very quick
A: very small, unfitting armour, see invisible, speed 3
a: no special abilities


You were on level 3 of the Dungeon.
You visited 1 branch of the dungeon, and saw 3 of its levels.

You collected 135 gold pieces.

Inventory:

Hand Weapons
 a - a +0 club
 h - a +0 dagger (weapon)
 q - a +0 short sword
Armour
 b - a +0 robe (worn)
Jewellery
 n - a +6 ring of dexterity (left hand)
Wands
 c - a wand of flame (4) (quivered)
 d - a wand of charming (10)
 e - a wand of random effects (8)
Scrolls
 f - 2 scrolls of fog {unknown}
 g - a scroll of magic mapping {unknown}
 k - a scroll of identify {unknown}
 o - a scroll of noise {unknown}
 t - 2 scrolls of teleportation {unknown}
Potions
 i - a potion of resistance {unknown}
 j - a potion of curing
 l - a potion of might {unknown}
 m - a potion of degeneration {unknown}
 p - a potion of attraction {unknown}
 r - a potion of mutation {unknown}
 s - a potion of heal wounds {unknown}
 u - a potion of magic {unknown}


   Skills:
 + Level 2.1 Fighting
 + Level 2.0 Short Blades
 + Level 4.6 Dodging
 + Level 3.4 Stealth
 - Level 4.8 Evocations


You had 4 spell levels left.
You didn't know any spells.
Your spell library was empty.

Dungeon Overview and Level Annotations

Branches:
Dungeon (3/15)

Altars:
Wu Jian

Annotations:
D:3 Natasha


Innate Abilities, Weirdness & Mutations

You are very small and have problems with some larger weapons.
You are too small for most types of armour.
You have supernaturally acute eyesight. (SInv)
You cover ground extremely quickly. (Speed+++)


Message History

The orc hits Natasha with a +0 falchion.
Natasha claws the orc.
The orc hits Natasha with a +0 falchion.
Your crimson imp blinks!
Natasha claws the orc!
The orc dies!
Natasha claws the orc!
The orc dies!
Natasha claws the orc priest!
The orc priest invokes the aid of Beogh against you.
Beogh smites you!
* * * LOW HITPOINT WARNING * * *
Natasha closely misses the orc priest.
Unknown command.
What are your orders? t - Shout!
Orders for allies: a - Attack new target. r - Retreat! s - Stop attacking. g - Guard the area. f - Follow me.
Anything else - Cancel.
Gang up on whom?
Press: ? - help, Dir - move target, f - orc priest
Aim: an orc priest, wielding a +0 flail (heavily wounded, ally target) Attack!
Natasha claws the orc priest.
Your crimson imp barely misses the orc priest.
You hit the orc priest.
The orc priest is almost dead.
Natasha claws the orc priest!
The orc priest dies!
Natasha looks more experienced.
Your Short Blades skill increases to level 2!
You see here a +0 flail.
You swap places.
You see here a +0 falchion.
You see here a +2 leather armour of willpower.
Your crimson imp disappears in a puff of smoke!
Natasha is no longer charmed.
Natasha casts a spell at you. The magic dart hits you!
You die...

#.# # #.###.##.#
#........# #.#.# #.#
#.#.# #.# #.#.# #.#
#.#.# #.# #.#.# #.#
#.#.###@# ####.#..))h#
#<......####
#####....#############
........).....).......#
#####################.#
#....†........ #.#
#...<#....### #.#
######.##..... #.#


You could see Natasha.

Vanquished Creatures
  A scorpion (D:3)
  2 adders (D:2)
  An ooze (D:1)
  2 worms (D:2)
  An orc (D:3)
  3 ball pythons
  4 giant cockroaches
  13 goblins
  5 hobgoblins
  6 jackals
  6 kobolds
  4 bats (D:2)
  3 frilled lizards
  3 rats
54 creatures vanquished.

Vanquished Creatures (collateral kills)
  An orc priest (D:3)
  A dart slug (D:2)
  2 orcs (D:3)
4 creatures vanquished.

Vanquished Creatures (others)
  2 hobgoblins (D:2)
  A quokka (D:3)
  A rat (D:2)
4 creatures vanquished.

Grand Total: 62 creatures vanquished

Notes
Turn   | Place    | Note
-------+----------+-------------------------------------------
     0 | D:1      | tsouns the Spriggan Artificer began the quest for the Orb.
     0 | D:1      | Reached XP level 1. HP: 9/9 MP: 2/2
   241 | D:1      | Reached skill level 1 in Fighting
   297 | D:1      | Reached XP level 2. HP: 14/14 MP: 3/3
  1536 | D:1      | Reached XP level 3. HP: 11/18 MP: 4/4
  2463 | D:2      | Found an ornate altar of the Wu Jian Council.
  2595 | D:2      | Reached skill level 1 in Short Blades
  2639 | D:2      | Reached XP level 4. HP: 22/22 MP: 5/5
  3383 | D:3      | Reached XP level 5. HP: 17/26 MP: 6/6
  3645 | D:3      | Noticed Natasha
  3704 | D:3      | Killed from afar by Natasha

Illustrated notes

Levels and vault maps discovered:
D:1:      saegor_arrival_simple_d, layout_basic, minmay_ruptured
D:2:      layout_rooms, general_overflow_altar, minmay_tree_intersection
D:3:      layout_basic, uniq_natasha

Skill      XL: |  1  2  3  4  5 |
---------------+----------------+-----
Fighting       | 1 2 |  2.1
Stealth        | 2 3 |  3.4
Short Blades   | 1 2 |  2.0
Dodging        | 4 |  4.6
Evocations     | |  4.8

Action                   |  1- 3 |  4- 6 || total
-------------------------+-------+-------++-------
Melee: Club              |    57 |       ||    57
       Dagger            |   143 |    85 ||   228
Evoke: Wand              |    11 |    12 ||    23
  Use: Potion            |       |     1 ||     1
 Stab: Sleeping          |    12 |     5 ||    17
       Confused          |       |     2 ||     2
Armor: Robe              |    18 |     2 ||    20
Dodge: Dodged            |   198 |    68 ||   266

Table legend: (Time is in decaauts)
 A = Elapsed time spent in this place.
 B = Non-inter-level travel time spent in this place.
 C = Inter-level travel time spent in this place.
 D = Time resting spent in this place.
 E = Time spent auto-exploring this place.
 F = Levels seen in this place.
 G = Mean time per level.
                   A        B        C        D        E       F      G
               +--------+--------+--------+--------+--------+-----+--------+
         Total |   3131 |   3092 |     39 |    248 |   2304 |   3 | 1043.7 |
       Dungeon |   3131 |   3092 |     39 |    248 |   2304 |   3 | 1043.7 |
               +--------+--------+--------+--------+--------+-----+--------+

Top non-repeatable levels by time:
     D:1: 1850 daAuts
     D:2: 931 daAuts
     D:3: 350 daAuts
